 Dungeon Crawl Stone Soup version 0.24.1-8-ga250c9d538 (webtiles) character file.

Game seed: 9539131808681562211, levelgen mode: deterministic

319 Peloso the Skirmisher (level 6, -5/50 HPs)
             Began as a Demonspawn Fighter on Apr 27, 2020.
             Killed by divine providence
             ... invoked by an orc priest
              (15 damage)
             ... on level 4 of the Dungeon.
             The game lasted 00:03:55 (2151 turns).

Peloso the Skirmisher (Demonspawn Fighter)          Turns: 2151, Time: 00:03:55

Health: -5/50      AC:  9    Str: 18    XL:     6   Next: 21%
Magic:  10/10      EV:  8    Int: 10    God:
Gold:   178        SH:  9    Dex: 12    Spells: 10/10 levels left

rFire    + . .     SeeInvis .   a - +0 long sword
rCold    + . .     Gourm    .   c - +0 shield
rNeg     . . .     Faith    .   i - +0 chain mail (curse)
rPois    .         Spirit   .   (no helmet)
rElec    .         Reflect  .   (no cloak)
rCorr    .         Harm     .   (no gloves)
MR       .....                  (no boots)
Stlth    ..........             (no amulet)
HPRegen  0.16/turn              e - ring of protection from fire
MPRegen  0.12/turn              (no ring)

@: slowed, very slow
A: talons 1, repulsion field 1, cold resistance 1, powered by pain 1
a: no special abilities


You were on level 4 of the Dungeon.
You were not hungry.

You visited 1 branch of the dungeon, and saw 4 of its levels.

You collected 178 gold pieces.

Inventory:

Hand Weapons
 a - a +0 long sword (weapon)
Armour
 b - a +0 scale mail
 c - a +0 shield (worn)
 i - a cursed +0 chain mail (worn)
Jewellery
 e - a ring of protection from fire (left hand)
Wands
 k - a wand of digging (6)
 o - a wand of paralysis (6)
Scrolls
 g - 3 scrolls of identify {unknown}
 h - 3 scrolls of fog {unknown}
 j - 3 scrolls of blinking {unknown}
 p - 2 scrolls of remove curse {unknown}
Potions
 d - a potion of might
 l - 2 potions of haste {unknown}
 m - a potion of heal wounds {unknown}
 q - a potion of flight {unknown}
Comestibles
 f - 5 rations


   Skills:
 + Level 4.9 Fighting
 + Level 4.2 Long Blades
 + Level 2.8 Throwing
 + Level 4.9 Armour
 + Level 2.9 Dodging
 + Level 3.2 Stealth
 + Level 4.6 Shields
 + Level 2.8 Unarmed Combat
 + Level 2.8 Spellcasting


You had 10 spell levels left.
You didn't know any spells.
Your spell library was empty.

Dungeon Overview and Level Annotations

Branches:
Dungeon (4/15)
 Temple: D:4-7

Altars:
Beogh


Innate Abilities, Weirdness & Mutations

You have sharp toenails.
You are surrounded by a mild repulsion field. (EV +2)
Your flesh is cold resistant. (rC+)
You sometimes gain a little power by taking damage.


Message History

The orc priest is lightly wounded.
The orc wizard casts a spell at you. The magic dart hits you.
The orc priest calls down the wrath of Beogh upon you.
Pain shoots through your body! The orc hits you but does no damage.
The orc wizard hits you but does no damage.
The orc priest barely misses you.
You riposte.
You hit the orc priest.
The orc priest is moderately wounded.
The orc wizard casts a spell.
The orc wizard seems to speed up.
The orc priest looks braver for a moment.
Unknown command.
The orc wizard points at you and mumbles some strange words.
You feel yourself slow down.
The orc priest calls down the wrath of Beogh upon you.
Beogh smites you!
* * * LOW HITPOINT WARNING * * *
The orc priest calls down the wrath of Beogh upon you.
Beogh smites you!
You die...

...... ##..#
.....#.#..#
.........#
........##.
#..........
##.......... ..
###...........
..#####.....@.......
............o......#
.....(.......#....##
.......#...###......
....................
.).....oo#.#.......#
....#..#######...##
... ##o##o.$## ..#
#..#.8.8.#


You could see 2 orc priests, an orc wizard and an orc.

Vanquished Creatures
  Sigmund (D:2)
  An orc priest (D:3)
  3 adders
  2 worms (D:2)
  A leopard gecko (D:1)
  8 orcs
  6 goblins
  9 hobgoblins
  10 kobolds
  2 quokkas (D:3)
  A ball python (D:3)
  2 bats
  6 frilled lizards
  4 rats
56 creatures vanquished.

Notes
Turn   | Place    | Note
-------+----------+-------------------------------------------
     0 | D:1      | Peloso the Demonspawn Fighter began the quest for the Orb.
     0 | D:1      | Reached XP level 1. HP: 18/18 MP: 1/1
   387 | D:1      | Gained mutation: You have sharp toenails. [demonic
                  | ancestry]
   387 | D:1      | Reached XP level 2. HP: 24/24 MP: 2/2
   837 | D:2      | Gained mutation: You sometimes gain a little power by
                  | taking damage. [demonic ancestry]
   837 | D:2      | Reached XP level 3. HP: 25/29 MP: 3/3
   853 | D:2      | Reached XP level 4. HP: 35/38 MP: 3/8
  1295 | D:2      | Noticed Sigmund
  1305 | D:2      | Killed Sigmund
  1305 | D:2      | Gained mutation: You are surrounded by a mild repulsion
                  | field. (EV +2) [demonic ancestry]
  1305 | D:2      | Reached XP level 5. HP: 19/43 MP: 9/9
  1906 | D:3      | Gained mutation: Your flesh is cold resistant. (rC+)
                  | [demonic ancestry]
  1906 | D:3      | Reached XP level 6. HP: 50/50 MP: 10/10
  2132 | D:4      | Found a roughly hewn altar of Beogh.
  2151 | D:4      | Killed from afar by an orc priest

Levels and vault maps discovered:
D:1:      wheals_arrival_shading, layout_basic
D:2:      layout_loops_ring, uniq_sigmund
D:3:      layout_rooms, first_ration
D:4:      layout_cave_pools, gammafunk_temple_overflow_wave,
          ebering_ghost_sewer_f, kennysheep_orc_chapel, uniq_eustachio,
          uniq_pikel, uniq_menkaure

Skill      XL: |  1  2  3  4 |
---------------+-------------+-----
Shields        | 3 4 |  4.6
Armour         | 3 4 |  4.9
Fighting       | 4 |  4.9
Long Blades    | 3 4 |  4.2
Throwing       | 2 |  2.8
Dodging        | 2 |  2.9
Stealth        | 3 |  3.2
Unarmed Combat | 2 |  2.8
Spellcasting   | 2 |  2.8

Action                   |  1- 3 |  4- 6 || total
-------------------------+-------+-------++-------
Melee: Long sword        |    58 |    92 ||   150
       Kick              |     7 |    27 ||    34
  Use: Potion            |     2 |     1 ||     3
  Eat: Chunk             |       |     4 ||     4
Armor: Scale mail        |     5 |       ||     5
       Chain mail        |    23 |    51 ||    74
Dodge: Dodged            |    16 |    40 ||    56
Block: Shield            |    22 |    73 ||    95
       Rpst.: Long sword |     7 |    17 ||    24
